3010 views
Uploaded 2019-12-01 20:54:31
Game version 1.32.0.3 / 1.32.0.3.1
34:49 long 3on3 ladder game on (6)Monsoon_LV
Saved by BEARAND
3010 views
Uploaded 2019-12-01 20:54:31
Game version 1.32.0.3 / 1.32.0.3.1
34:49 long 3on3 ladder game on (6)Monsoon_LV


216 units @ 36k
/ 4.9k
55 buildings @ 8.1k
/ 3.2k

| Peasant | 7 | 525 | / | 0 |
| Footman | 19 | 2565 | / | 0 |
| Rifleman | 26 | 5330 | / | 780 |
| Priest | 14 | 1890 | / | 140 |
| total: | 66 | 10310g | / | 920w |
| Altar of Kings | 1 | 180 | / | 50 |
| Farm | 14 | 1120 | / | 280 |
| Barracks | 1 | 160 | / | 60 |
| Blacksmith | 1 | 140 | / | 60 |
| Town Hall | 1 | 385 | / | 205 |
| Arcane Sanctum | 1 | 150 | / | 140 |
| Keep | 1 | 320 | / | 210 |
| Castle | 1 | 360 | / | 210 |
| total: | 19 | 2135g | / | 795w |
| 0:05 | Altar of Kings |
| 0:06 | Peasant |
| 0:08 | Peasant |
| 0:23 | Farm |
| 0:25 | Peasant |
| 0:39 | Barracks |
| 0:45 | Peasant |
| 0:53 | Peasant |
| 0:59 | Farm |
| 1:41 | Footman |
| 1:42 | Footman |
| 1:42 | Footman |
| 1:46 | Footman |
| 2:08 | Summon Water Elemental |
| 2:40 | Keep |
| 2:44 | Farm |
| 2:46 | Farm |
| 2:52 | Farm |
| 3:18 | Blacksmith |
| 4:32 | Rifleman |
| 4:32 | Rifleman |
| 4:32 | Rifleman |
| 4:34 | Iron Forged Swords |
| 5:09 | Farm |
| 5:10 | Farm |
| 5:14 | Farm |
| 5:29 | Long Rifles |
| 6:19 | Iron Plating |
| 6:56 | Arcane Sanctum |
| 7:05 | Blizzard |
| 8:22 | Priest |
| 8:23 | Priest |
| 8:23 | Priest |
| 8:24 | Priest Adept Training |
| 8:39 | Steel Plating |
| 8:47 | Peasant |
| 8:47 | Peasant |
| 10:23 | Steel Forged Swords |
| 10:27 | Castle |
| 10:45 | Footman |
| 10:56 | Footman |
| 10:56 | Rifleman |
| 11:22 | Priest |
| 12:12 | Rifleman |
| 12:13 | Rifleman |
| 12:13 | Rifleman |
| 12:13 | Rifleman |
| 12:49 | Mithril Forged Swords |
| 13:21 | Priest |
| 13:21 | Priest |
| 13:22 | Priest Master Training |
| 13:39 | Brilliance Aura |
| 14:30 | Mithril Plating |
| 15:15 | Rifleman |
| 15:15 | Rifleman |
| 15:15 | Rifleman |
| 16:29 | Rifleman |
| 16:37 | Black Gunpowder |
| 16:38 | Studded Leather Armor |
| 17:30 | Footman |
| 17:30 | Footman |
| 17:30 | Footman |
| 17:43 | Refined Gunpowder |
| 18:41 | Reinforced Leather Armor |
| 19:16 | Priest |
| 19:16 | Priest |
| 19:45 | Blizzard |
| 19:59 | Priest |
| 20:28 | Footman |
| 20:28 | Footman |
| 20:28 | Footman |
| 20:29 | Rifleman |
| 20:29 | Rifleman |
| 20:30 | Rifleman |
| 21:03 | Imbued Gunpowder |
| 21:09 | Dragonhide Armor |
| 21:48 | Farm |
| 21:53 | Farm |
| 22:48 | Footman |
| 22:48 | Footman |
| 24:21 | Farm |
| 24:30 | Farm |
| 25:02 | Farm |
| 25:11 | Farm |
| 26:57 | Priest |
| 26:57 | Priest |
| 26:57 | Priest |
| 26:57 | Priest |
| 26:59 | Priest |
| 27:00 | Footman |
| 27:00 | Footman |
| 27:01 | Footman |
| 27:01 | Footman |
| 27:02 | Footman |
| 27:02 | Rifleman |
| 27:02 | Rifleman |
| 28:28 | Rifleman |
| 28:28 | Rifleman |
| 28:28 | Rifleman |
| 28:29 | Rifleman |
| 31:32 | Town Hall |
| 34:06 | Rifleman |
| 34:07 | Rifleman |
| 34:07 | Rifleman |
| 34:07 | Rifleman |
| 34:07 | Rifleman |
| Right click | 1252 |
| Select group | 308 |
| Misc. action | 197 |
| Select | 156 |
| Assign group | 108 |
| Build/train/purchase | 96 |
| Use ability | 5 |
| Chat | 4 |
| Esc | 3 |

| Rod of Necromancy | 1 | 150 |
| Ritual Dagger | 1 | 125 |
| total: | 2 | 275g |
| Acolyte | 7 | 525 | / | 0 |
| Ghoul | 5 | 600 | / | 0 |
| Crypt Fiend | 30 | 6450 | / | 1200 |
| Gargoyle | 26 | 4550 | / | 780 |
| Meat Wagon | 10 | 2300 | / | 500 |
| Abomination | 4 | 960 | / | 280 |
| Obsidian Statue | 1 | 200 | / | 35 |
| total: | 83 | 15585g | / | 2795w |
| Crypt | 2 | 400 | / | 100 |
| Altar of Darkness | 1 | 180 | / | 50 |
| Ziggurat | 9 | 1350 | / | 450 |
| Tomb of Relics | 1 | 130 | / | 30 |
| Graveyard | 1 | 215 | / | 0 |
| Slaughterhouse | 2 | 280 | / | 270 |
| Sacrificial Pit | 1 | 75 | / | 150 |
| Boneyard | 1 | 175 | / | 200 |
| Halls of the Dead | 1 | 320 | / | 210 |
| Black Citadel | 1 | 325 | / | 230 |
| total: | 18 | 2805g | / | 1250w |
| 0:07 | Crypt |
| 0:11 | Altar of Darkness |
| 0:13 | Ziggurat |
| 0:28 | Acolyte |
| 0:45 | Acolyte |
| 1:00 | Tomb of Relics |
| 1:15 | Ghoul |
| 1:36 | Ghoul |
| 1:41 | Ghoul |
| 2:00 | Graveyard |
| 2:14 | Ghoul |
| 2:28 | Rod of Necromancy |
| 2:47 | Death Coil |
| 2:57 | Ziggurat |
| 3:19 | Ritual Dagger |
| 3:42 | Halls of the Dead |
| 3:45 | Ziggurat |
| 4:08 | Crypt Fiend |
| 4:19 | Ghoul |
| 4:31 | Creature Attack |
| 4:54 | Crypt Fiend |
| 5:28 | Crypt Fiend |
| 6:11 | Slaughterhouse |
| 6:17 | Slaughterhouse |
| 6:21 | Crypt Fiend |
| 6:21 | Crypt Fiend |
| 6:42 | Crypt Fiend |
| 6:45 | Gargoyle |
| 6:49 | Creature Carapace |
| 6:56 | Unholy Aura |
| 7:36 | Meat Wagon |
| 7:36 | Meat Wagon |
| 8:18 | Ziggurat |
| 8:18 | Ziggurat |
| 9:18 | Meat Wagon |
| 9:20 | Meat Wagon |
| 9:24 | Gargoyle |
| 9:24 | Gargoyle |
| 9:32 | Ziggurat |
| 10:45 | Crypt Fiend |
| 10:46 | Crypt Fiend |
| 10:51 | Meat Wagon |
| 11:36 | Crypt Fiend |
| 11:37 | Crypt Fiend |
| 12:42 | Meat Wagon |
| 12:43 | Meat Wagon |
| 12:44 | Meat Wagon |
| 13:15 | Crypt Fiend |
| 13:15 | Crypt Fiend |
| 13:33 | Improved Creature Attack |
| 14:35 | Crypt Fiend |
| 14:35 | Crypt Fiend |
| 15:26 | Black Citadel |
| 15:40 | Meat Wagon |
| 16:28 | Meat Wagon |
| 17:24 | Crypt Fiend |
| 17:24 | Crypt Fiend |
| 17:59 | Crypt Fiend |
| 17:59 | Crypt Fiend |
| 18:31 | Gargoyle |
| 18:31 | Gargoyle |
| 18:41 | Sacrificial Pit |
| 18:53 | Advanced Creature Attack |
| 20:04 | Abomination |
| 20:04 | Abomination |
| 20:53 | Crypt Fiend |
| 20:53 | Crypt Fiend |
| 20:53 | Crypt Fiend |
| 20:53 | Crypt Fiend |
| 22:05 | Crypt Fiend |
| 22:06 | Crypt Fiend |
| 22:46 | Obsidian Statue |
| 23:03 | Improved Creature Carapace |
| 23:23 | Acolyte |
| 23:23 | Acolyte |
| 23:33 | Acolyte |
| 24:31 | Abomination |
| 24:31 | Abomination |
| 24:54 | Advanced Creature Carapace |
| 24:56 | Acolyte |
| 24:59 | Acolyte |
| 25:05 | Ziggurat |
| 26:05 | Crypt Fiend |
| 26:05 | Crypt Fiend |
| 27:08 | Crypt Fiend |
| 27:08 | Crypt Fiend |
| 27:14 | Gargoyle |
| 27:14 | Gargoyle |
| 27:14 | Gargoyle |
| 27:14 | Gargoyle |
| 27:14 | Gargoyle |
| 27:15 | Gargoyle |
| 28:02 | Crypt |
| 28:05 | Ziggurat |
| 28:06 | Ziggurat |
| 29:12 | Stone Form |
| 29:48 | Boneyard |
| 31:37 | Gargoyle |
| 31:38 | Gargoyle |
| 31:38 | Gargoyle |
| 31:38 | Gargoyle |
| 31:38 | Gargoyle |
| 31:38 | Gargoyle |
| 31:38 | Gargoyle |
| 32:52 | Gargoyle |
| 32:52 | Gargoyle |
| 32:52 | Gargoyle |
| 34:09 | Crypt Fiend |
| 34:09 | Crypt Fiend |
| 34:11 | Gargoyle |
| 34:11 | Gargoyle |
| 34:11 | Gargoyle |
| 34:17 | Gargoyle |
| 34:17 | Gargoyle |
| Right click | 3101 |
| Select | 290 |
| Build/train/purchase | 113 |
| Select group | 57 |
| Chat | 32 |
| Assign group | 17 |
| Misc. action | 17 |
| Use ability | 9 |
| Remove unit | 3 |
| Esc | 1 |
| Minimap ping | 1 |


| Healing Salve | 3 | 300 |
| Scroll of Town Portal | 1 | 350 |
| total: | 4 | 650g |
| Peon | 14 | 1050 | / | 0 |
| Grunt | 8 | 1600 | / | 0 |
| Troll Headhunter | 21 | 2940 | / | 420 |
| Demolisher | 6 | 1320 | / | 300 |
| Shaman | 9 | 1170 | / | 180 |
| Troll Berserker | 3 | 420 | / | 60 |
| Wind Rider | 6 | 1590 | / | 240 |
| total: | 67 | 10090g | / | 1200w |
| Altar of Storms | 1 | 180 | / | 50 |
| Barracks | 3 | 540 | / | 150 |
| Orc Burrow | 8 | 1280 | / | 320 |
| Voodoo Lounge | 1 | 130 | / | 30 |
| War Mill | 1 | 205 | / | 0 |
| Great Hall | 1 | 385 | / | 185 |
| Spirit Lodge | 1 | 150 | / | 150 |
| Beastiary | 2 | 290 | / | 280 |
| Stronghold | 1 | 315 | / | 190 |
| Fortress | 1 | 325 | / | 190 |
| total: | 18 | 3160g | / | 1165w |
| 0:05 | Altar of Storms |
| 0:07 | Barracks |
| 0:10 | Orc Burrow |
| 0:25 | Peon |
| 0:45 | Peon |
| 1:05 | Peon |
| 1:14 | Grunt |
| 1:34 | Peon |
| 1:34 | Peon |
| 1:48 | Grunt |
| 2:06 | Orc Burrow |
| 2:11 | Feral Spirit |
| 2:29 | Barracks |
| 2:32 | Barracks |
| 2:48 | Voodoo Lounge |
| 3:02 | Grunt |
| 3:12 | Orc Burrow |
| 3:33 | Grunt |
| 3:39 | Chain Lighting |
| 3:52 | Grunt |
| 3:59 | Healing Salve |
| 4:19 | Grunt |
| 4:39 | Grunt |
| 5:00 | Grunt |
| 5:39 | War Mill |
| 6:00 | Orc Burrow |
| 6:03 | Orc Burrow |
| 6:24 | Stronghold |
| 6:53 | Troll Headhunter |
| 7:13 | Troll Headhunter |
| 7:18 | Troll Headhunter |
| 7:40 | Troll Headhunter |
| 8:19 | Troll Headhunter |
| 8:19 | Troll Headhunter |
| 8:39 | Troll Headhunter |
| 8:45 | Steel Ranged Weapons |
| 9:03 | Troll Headhunter |
| 9:06 | Troll Regeneration |
| 10:04 | Troll Headhunter |
| 10:04 | Troll Headhunter |
| 10:25 | Demolisher |
| 10:43 | Chain Lighting |
| 11:04 | Demolisher |
| 11:04 | Troll Headhunter |
| 11:39 | Demolisher |
| 12:54 | Troll Headhunter |
| 12:54 | Troll Headhunter |
| 12:54 | Troll Headhunter |
| 13:12 | Demolisher |
| 13:43 | Troll Headhunter |
| 14:23 | Troll Headhunter |
| 14:56 | Troll Headhunter |
| 15:20 | Troll Headhunter |
| 16:05 | Troll Headhunter |
| 16:38 | Demolisher |
| 17:24 | Healing Salve |
| 17:24 | Healing Salve |
| 17:26 | Scroll of Town Portal |
| 17:36 | Demolisher |
| 18:25 | Troll Headhunter |
| 18:26 | Troll Headhunter |
| 18:39 | Spirit Lodge |
| 19:24 | Feral Spirit |
| 21:02 | Healing Wave |
| 21:06 | Fortress |
| 21:07 | Shaman Adept Training |
| 21:10 | Orc Burrow |
| 21:44 | Great Hall |
| 22:11 | Shaman |
| 22:43 | Thorium Ranged Weapons |
| 22:51 | Shaman |
| 23:28 | Peon |
| 23:28 | Peon |
| 23:28 | Peon |
| 23:31 | Shaman Master Training |
| 24:20 | Berserker Upgrade |
| 24:52 | Peon |
| 24:52 | Peon |
| 24:52 | Peon |
| 24:58 | Peon |
| 24:58 | Peon |
| 25:04 | Shaman |
| 25:18 | Beastiary |
| 25:24 | Peon |
| 25:36 | Shaman |
| 26:29 | Shaman |
| 26:30 | Troll Berserker |
| 26:30 | Troll Berserker |
| 27:18 | Shaman |
| 27:20 | Wind Rider |
| 27:51 | Troll Berserker |
| 27:54 | Wind Rider |
| 28:15 | Beastiary |
| 28:18 | Orc Burrow |
| 28:21 | Orc Burrow |
| 29:04 | Wind Rider |
| 29:10 | Arcanite Ranged Weapons |
| 29:13 | Shaman |
| 29:13 | Shaman |
| 29:41 | Wind Rider |
| 30:18 | Wind Rider |
| 30:44 | Shaman |
| 31:43 | Wind Rider |
| Right click | 1625 |
| Select group | 540 |
| Select | 483 |
| Misc. action | 260 |
| Build/train/purchase | 155 |
| Assign group | 100 |
| Use ability | 27 |
| Minimap ping | 18 |
| Chat | 7 |
| Esc | 5 |
69 units @ 4.9k
/ 0k
295 buildings @ 15.8k
/ 7.4k



x1)
| Scroll of Regeneration | 1 | 100 |
| Potion of Healing | 1 | 150 |
| Staff of Sanctuary | 3 | 750 |
| Orb of Fire | 2 | 650 |
| Staff of Teleportation | 3 | 450 |
| Boots of Speed | 3 | 750 |
| Tome of Retraining | 1 | 300 |
| Periapt of Vitality | 3 | 975 |
| Circlet of Nobility | 1 | 175 |
| total: | 18 | 4300g |
| Peasant | 16 | 1200 | / | 0 |
| Priest | 1 | 135 | / | 10 |
| Sorceress | 1 | 155 | / | 20 |
| total: | 18 | 1490g | / | 30w |
| Scout Tower | 81 | 2430 | / | 1620 |
| Guard Tower | 40 | 2800 | / | 2000 |
| Arcane Tower | 7 | 490 | / | 350 |
| Altar of Kings | 1 | 180 | / | 50 |
| Farm | 4 | 320 | / | 80 |
| Lumber Mill | 1 | 120 | / | 0 |
| Arcane Vault | 3 | 390 | / | 90 |
| Town Hall | 1 | 385 | / | 205 |
| Arcane Sanctum | 1 | 150 | / | 140 |
| Keep | 1 | 320 | / | 210 |
| Castle | 1 | 360 | / | 210 |
| total: | 92 | 3975g | / | 2185w |
| 0:02 | Peasant |
| 0:02 | Peasant |
| 0:10 | Altar of Kings |
| 0:18 | Farm |
| 0:24 | Peasant |
| 0:28 | Farm |
| 0:34 | Lumber Mill |
| 0:41 | Peasant |
| 0:55 | Peasant |
| 1:05 | Peasant |
| 1:17 | Peasant |
| 1:31 | Scout Tower |
| 1:33 | Peasant |
| 1:45 | Scout Tower |
| 1:49 | Peasant |
| 1:53 | Scout Tower |
| 1:59 | Guard Tower |
| 2:04 | Scout Tower |
| 2:07 | Peasant |
| 2:12 | Summon Water Elemental |
| 2:29 | Guard Tower |
| 2:30 | Arcane Tower |
| 2:31 | Scout Tower |
| 2:32 | Scout Tower |
| 2:33 | Peasant |
| 2:34 | Peasant |
| 2:51 | Guard Tower |
| 3:04 | Peasant |
| 3:09 | Guard Tower |
| 3:17 | Guard Tower |
| 3:20 | Scout Tower |
| 3:22 | Scout Tower |
| 3:24 | Brilliance Aura |
| 3:37 | Scout Tower |
| 3:38 | Scout Tower |
| 3:56 | Keep |
| 4:04 | Guard Tower |
| 4:05 | Guard Tower |
| 4:12 | Guard Tower |
| 4:14 | Scout Tower |
| 4:19 | Staff of Teleportation |
| 4:30 | Boots of Speed |
| 4:40 | Arcane Vault |
| 5:22 | Guard Tower |
| 5:26 | Arcane Vault |
| 5:49 | Improved Masonry |
| 5:54 | Scout Tower |
| 5:55 | Scout Tower |
| 5:56 | Scout Tower |
| 6:00 | Farm |
| 6:01 | Farm |
| 6:16 | Scroll of Regeneration |
| 6:21 | Scout Tower |
| 6:22 | Scout Tower |
| 7:11 | Town Hall |
| 7:21 | Advanced Masonry |
| 8:05 | Storm Bolt |
| 8:28 | Summon Water Elemental |
| 8:43 | Guard Tower |
| 8:46 | Scout Tower |
| 8:47 | Scout Tower |
| 8:47 | Scout Tower |
| 8:48 | Scout Tower |
| 8:48 | Scout Tower |
| 8:49 | Scout Tower |
| 8:49 | Scout Tower |
| 8:50 | Scout Tower |
| 8:51 | Scout Tower |
| 8:51 | Scout Tower |
| 8:51 | Scout Tower |
| 8:53 | Peasant |
| 9:06 | Arcane Vault |
| 9:09 | Castle |
| 9:32 | Guard Tower |
| 9:45 | Arcane Sanctum |
| 10:13 | Boots of Speed |
| 10:13 | Staff of Teleportation |
| 10:13 | Tome of Retraining |
| 10:13 | Retrain Hero |
| 10:19 | Blizzard |
| 10:19 | Brilliance Aura |
| 10:19 | Blizzard |
| 10:30 | Guard Tower |
| 10:34 | Scout Tower |
| 10:34 | Scout Tower |
| 10:35 | Scout Tower |
| 10:35 | Scout Tower |
| 10:41 | Potion of Healing |
| 11:34 | Imbued Masonry |
| 12:10 | Guard Tower |
| 12:31 | Holy Light |
| 12:33 | Staff of Sanctuary |
| 12:34 | Orb of Fire |
| 12:46 | Orb of Fire |
| 12:46 | Staff of Sanctuary |
| 13:03 | Guard Tower |
| 13:05 | Improved Lumber Harvesting |
| 13:06 | Peasant |
| 13:06 | Peasant |
| 13:10 | Staff of Sanctuary |
| 13:18 | Boots of Speed |
| 13:23 | Priest |
| 13:24 | Magic Sentry |
| 13:27 | Scout Tower |
| 13:27 | Scout Tower |
| 13:28 | Scout Tower |
| 13:28 | Scout Tower |
| 13:52 | Guard Tower |
| 14:24 | Staff of Teleportation |
| 15:05 | Bash |
| 15:14 | Arcane Tower |
| 15:15 | Arcane Tower |
| 15:17 | Arcane Tower |
| 15:17 | Guard Tower |
| 15:47 | Arcane Tower |
| 15:48 | Guard Tower |
| 16:30 | Scout Tower |
| 16:31 | Scout Tower |
| 16:58 | Scout Tower |
| 16:58 | Scout Tower |
| 16:59 | Scout Tower |
| 16:59 | Scout Tower |
| 17:37 | Priest Adept Training |
| 17:38 | Sorceress |
| 17:38 | Sorceress Adept Training |
| 17:40 | Guard Tower |
| 17:45 | Scout Tower |
| 17:46 | Scout Tower |
| 17:47 | Scout Tower |
| 17:48 | Scout Tower |
| 17:48 | Scout Tower |
| 17:48 | Scout Tower |
| 17:49 | Scout Tower |
| 17:49 | Scout Tower |
| 18:16 | Guard Tower |
| 18:35 | Guard Tower |
| 18:38 | Scout Tower |
| 18:39 | Scout Tower |
| 18:40 | Scout Tower |
| 19:04 | Periapt of Vitality |
| 19:19 | Guard Tower |
| 19:23 | Scout Tower |
| 19:23 | Scout Tower |
| 19:24 | Scout Tower |
| 19:24 | Scout Tower |
| 19:33 | Scout Tower |
| 19:34 | Guard Tower |
| 21:06 | Guard Tower |
| 21:44 | Guard Tower |
| 21:44 | Guard Tower |
| 21:45 | Guard Tower |
| 21:49 | Scout Tower |
| 21:51 | Scout Tower |
| 21:52 | Scout Tower |
| 22:48 | Brilliance Aura |
| 23:01 | Divine Shield |
| 23:15 | Guard Tower |
| 24:23 | Scout Tower |
| 24:24 | Scout Tower |
| 24:24 | Scout Tower |
| 24:25 | Scout Tower |
| 24:25 | Scout Tower |
| 24:25 | Scout Tower |
| 24:26 | Scout Tower |
| 24:26 | Scout Tower |
| 24:27 | Scout Tower |
| 24:28 | Scout Tower |
| 24:28 | Scout Tower |
| 24:29 | Scout Tower |
| 24:29 | Scout Tower |
| 24:29 | Scout Tower |
| 24:30 | Scout Tower |
| 24:30 | Scout Tower |
| 24:56 | Guard Tower |
| 25:24 | Periapt of Vitality |
| 25:32 | Circlet of Nobility |
| 26:34 | Guard Tower |
| 26:38 | Storm Bolt |
| 27:44 | Guard Tower |
| 27:59 | Guard Tower |
| 28:28 | Guard Tower |
| 29:51 | Scout Tower |
| 29:51 | Scout Tower |
| 29:52 | Scout Tower |
| 29:52 | Scout Tower |
| 29:53 | Scout Tower |
| 30:50 | Holy Light |
| 32:00 | Guard Tower |
| 32:41 | Brilliance Aura |
| 33:22 | Guard Tower |
| 34:14 | Periapt of Vitality |
| 34:32 | Bash |
| Right click | 3035 |
| Select | 713 |
| Select group | 612 |
| Chat | 293 |
| Build/train/purchase | 233 |
| Use ability | 134 |
| Minimap ping | 36 |
| Misc. action | 34 |
| Assign group | 18 |
| Item give/drop | 11 |



x1)
| Staff of Sanctuary | 3 | 750 |
| Orb of Fire | 1 | 325 |
| Boots of Speed | 3 | 750 |
| Staff of Teleportation | 3 | 450 |
| Periapt of Vitality | 4 | 1300 |
| Tome of Retraining | 1 | 300 |
| Orb of Venom | 2 | 650 |
| total: | 17 | 4525g |
| Peasant | 16 | 1200 | / | 0 |
| Priest | 1 | 135 | / | 10 |
| total: | 17 | 1335g | / | 10w |
| Scout Tower | 162 | 4860 | / | 3240 |
| Arcane Tower | 5 | 350 | / | 250 |
| Guard Tower | 53 | 3710 | / | 2650 |
| Altar of Kings | 1 | 180 | / | 50 |
| Farm | 4 | 320 | / | 80 |
| Lumber Mill | 1 | 120 | / | 0 |
| Town Hall | 1 | 385 | / | 205 |
| Arcane Vault | 4 | 520 | / | 120 |
| Arcane Sanctum | 1 | 150 | / | 140 |
| Keep | 1 | 320 | / | 210 |
| Castle | 1 | 360 | / | 210 |
| total: | 174 | 6535g | / | 3835w |
| 0:04 | Peasant |
| 0:04 | Peasant |
| 0:07 | Peasant |
| 0:16 | Altar of Kings |
| 0:19 | Farm |
| 0:20 | Peasant |
| 0:28 | Lumber Mill |
| 0:40 | Peasant |
| 0:53 | Peasant |
| 0:57 | Scout Tower |
| 1:03 | Scout Tower |
| 1:13 | Farm |
| 1:17 | Peasant |
| 1:23 | Peasant |
| 1:23 | Peasant |
| 1:28 | Scout Tower |
| 1:29 | Arcane Tower |
| 1:36 | Peasant |
| 1:43 | Arcane Tower |
| 1:48 | Scout Tower |
| 1:56 | Guard Tower |
| 2:03 | Peasant |
| 2:05 | Scout Tower |
| 2:09 | Scout Tower |
| 2:14 | Guard Tower |
| 2:16 | Summon Water Elemental |
| 2:20 | Peasant |
| 2:20 | Peasant |
| 2:29 | Scout Tower |
| 2:34 | Scout Tower |
| 2:41 | Guard Tower |
| 2:56 | Peasant |
| 3:01 | Guard Tower |
| 3:02 | Scout Tower |
| 3:02 | Scout Tower |
| 3:07 | Guard Tower |
| 3:08 | Scout Tower |
| 3:09 | Scout Tower |
| 3:22 | Scout Tower |
| 3:33 | Guard Tower |
| 3:39 | Keep |
| 3:44 | Brilliance Aura |
| 3:48 | Guard Tower |
| 3:50 | Farm |
| 3:51 | Farm |
| 4:04 | Scout Tower |
| 4:05 | Scout Tower |
| 4:39 | Guard Tower |
| 4:40 | Scout Tower |
| 4:43 | Scout Tower |
| 4:48 | Town Hall |
| 4:54 | Guard Tower |
| 4:57 | Scout Tower |
| 4:57 | Scout Tower |
| 5:04 | Arcane Vault |
| 5:05 | Arcane Vault |
| 5:07 | Arcane Vault |
| 5:10 | Scout Tower |
| 5:10 | Scout Tower |
| 5:21 | Boots of Speed |
| 5:33 | Guard Tower |
| 5:37 | Guard Tower |
| 5:41 | Arcane Tower |
| 5:43 | Scout Tower |
| 5:54 | Guard Tower |
| 5:56 | Scout Tower |
| 5:57 | Scout Tower |
| 5:58 | Scout Tower |
| 5:58 | Scout Tower |
| 6:02 | Castle |
| 6:15 | Guard Tower |
| 6:17 | Scout Tower |
| 6:24 | Staff of Teleportation |
| 6:32 | Arcane Tower |
| 6:32 | Guard Tower |
| 6:42 | Scout Tower |
| 6:44 | Scout Tower |
| 7:04 | Summon Water Elemental |
| 7:08 | Storm Bolt |
| 7:24 | Guard Tower |
| 7:25 | Scout Tower |
| 7:26 | Scout Tower |
| 7:30 | Arcane Sanctum |
| 7:32 | Scout Tower |
| 7:33 | Scout Tower |
| 7:33 | Scout Tower |
| 7:34 | Scout Tower |
| 7:50 | Staff of Teleportation |
| 7:50 | Boots of Speed |
| 7:53 | Periapt of Vitality |
| 8:21 | Guard Tower |
| 8:22 | Scout Tower |
| 8:23 | Scout Tower |
| 8:23 | Scout Tower |
| 8:24 | Scout Tower |
| 8:26 | Guard Tower |
| 8:27 | Scout Tower |
| 8:28 | Scout Tower |
| 8:29 | Scout Tower |
| 8:48 | Scout Tower |
| 8:49 | Scout Tower |
| 8:50 | Scout Tower |
| 8:54 | Bash |
| 9:01 | Guard Tower |
| 9:07 | Tome of Retraining |
| 9:07 | Retrain Hero |
| 9:09 | Blizzard |
| 9:10 | Brilliance Aura |
| 9:11 | Brilliance Aura |
| 9:29 | Guard Tower |
| 10:06 | Guard Tower |
| 10:07 | Scout Tower |
| 10:08 | Scout Tower |
| 10:08 | Scout Tower |
| 10:09 | Scout Tower |
| 10:12 | Improved Masonry |
| 10:13 | Guard Tower |
| 10:15 | Magic Sentry |
| 10:15 | Priest |
| 10:15 | Priest Adept Training |
| 10:18 | Scout Tower |
| 10:19 | Scout Tower |
| 10:19 | Scout Tower |
| 10:19 | Scout Tower |
| 10:20 | Scout Tower |
| 10:21 | Scout Tower |
| 10:23 | Scout Tower |
| 10:23 | Scout Tower |
| 10:24 | Scout Tower |
| 10:25 | Scout Tower |
| 10:25 | Guard Tower |
| 10:28 | Scout Tower |
| 10:28 | Scout Tower |
| 10:29 | Scout Tower |
| 10:30 | Scout Tower |
| 10:30 | Scout Tower |
| 10:32 | Scout Tower |
| 10:33 | Scout Tower |
| 10:34 | Scout Tower |
| 10:34 | Scout Tower |
| 10:35 | Scout Tower |
| 10:36 | Scout Tower |
| 10:36 | Scout Tower |
| 10:37 | Scout Tower |
| 10:38 | Guard Tower |
| 11:00 | Guard Tower |
| 11:10 | Holy Light |
| 11:17 | Guard Tower |
| 11:21 | Scout Tower |
| 11:22 | Scout Tower |
| 11:22 | Scout Tower |
| 11:23 | Scout Tower |
| 11:24 | Scout Tower |
| 11:25 | Scout Tower |
| 11:26 | Scout Tower |
| 11:26 | Scout Tower |
| 11:29 | Guard Tower |
| 11:31 | Peasant |
| 11:32 | Peasant |
| 11:48 | Boots of Speed |
| 11:49 | Periapt of Vitality |
| 11:54 | Arcane Vault |
| 11:56 | Guard Tower |
| 12:02 | Scout Tower |
| 12:03 | Scout Tower |
| 12:10 | Guard Tower |
| 12:18 | Staff of Teleportation |
| 13:06 | Guard Tower |
| 13:07 | Guard Tower |
| 13:10 | Staff of Sanctuary |
| 13:11 | Staff of Sanctuary |
| 13:13 | Staff of Sanctuary |
| 13:24 | Orb of Fire |
| 13:25 | Guard Tower |
| 13:55 | Scout Tower |
| 13:55 | Scout Tower |
| 13:56 | Scout Tower |
| 13:57 | Scout Tower |
| 13:57 | Scout Tower |
| 14:24 | Blizzard |
| 14:30 | Guard Tower |
| 14:32 | Scout Tower |
| 14:32 | Scout Tower |
| 14:33 | Scout Tower |
| 14:33 | Scout Tower |
| 14:34 | Scout Tower |
| 14:35 | Scout Tower |
| 14:37 | Scout Tower |
| 14:38 | Scout Tower |
| 14:45 | Scout Tower |
| 14:46 | Scout Tower |
| 15:36 | Storm Bolt |
| 15:37 | Guard Tower |
| 15:41 | Guard Tower |
| 16:19 | Divine Shield |
| 16:26 | Guard Tower |
| 17:07 | Guard Tower |
| 17:08 | Scout Tower |
| 17:09 | Scout Tower |
| 17:10 | Scout Tower |
| 17:10 | Scout Tower |
| 17:11 | Scout Tower |
| 17:12 | Scout Tower |
| 17:12 | Scout Tower |
| 17:13 | Scout Tower |
| 17:33 | Orb of Venom |
| 17:40 | Guard Tower |
| 18:07 | Guard Tower |
| 18:12 | Arcane Tower |
| 18:23 | Guard Tower |
| 18:25 | Guard Tower |
| 18:37 | Scout Tower |
| 18:38 | Scout Tower |
| 18:39 | Scout Tower |
| 18:39 | Scout Tower |
| 18:40 | Scout Tower |
| 18:40 | Scout Tower |
| 18:41 | Scout Tower |
| 19:07 | Periapt of Vitality |
| 21:02 | Guard Tower |
| 21:04 | Scout Tower |
| 21:04 | Scout Tower |
| 21:05 | Scout Tower |
| 21:05 | Scout Tower |
| 21:06 | Scout Tower |
| 21:07 | Scout Tower |
| 21:25 | Priest Master Training |
| 21:53 | Guard Tower |
| 21:54 | Scout Tower |
| 21:55 | Scout Tower |
| 21:56 | Scout Tower |
| 21:56 | Scout Tower |
| 21:56 | Scout Tower |
| 21:57 | Scout Tower |
| 21:58 | Scout Tower |
| 22:03 | Guard Tower |
| 22:58 | Holy Light |
| 24:10 | Guard Tower |
| 24:11 | Scout Tower |
| 24:12 | Scout Tower |
| 24:13 | Scout Tower |
| 24:14 | Scout Tower |
| 24:14 | Scout Tower |
| 24:15 | Scout Tower |
| 24:15 | Scout Tower |
| 24:16 | Scout Tower |
| 24:35 | Guard Tower |
| 24:37 | Guard Tower |
| 24:39 | Scout Tower |
| 24:40 | Scout Tower |
| 24:41 | Scout Tower |
| 24:41 | Scout Tower |
| 24:42 | Scout Tower |
| 24:42 | Scout Tower |
| 24:43 | Scout Tower |
| 24:44 | Scout Tower |
| 24:49 | Guard Tower |
| 25:10 | Guard Tower |
| 25:13 | Advanced Masonry |
| 25:25 | Periapt of Vitality |
| 25:38 | Orb of Venom |
| 26:08 | Bash |
| 26:43 | Brilliance Aura |
| 28:03 | Guard Tower |
| 28:05 | Scout Tower |
| 28:05 | Scout Tower |
| 28:06 | Scout Tower |
| 28:06 | Scout Tower |
| 28:07 | Scout Tower |
| 28:12 | Guard Tower |
| 28:16 | Scout Tower |
| 28:17 | Scout Tower |
| 28:18 | Scout Tower |
| 28:18 | Scout Tower |
| 28:19 | Scout Tower |
| 28:20 | Scout Tower |
| 28:20 | Scout Tower |
| 28:46 | Imbued Masonry |
| 29:03 | Guard Tower |
| 31:21 | Guard Tower |
| 31:23 | Scout Tower |
| 31:23 | Scout Tower |
| 31:28 | Guard Tower |
| 31:30 | Scout Tower |
| 31:30 | Scout Tower |
| 31:31 | Scout Tower |
| 31:31 | Scout Tower |
| 31:32 | Scout Tower |
| 31:33 | Scout Tower |
| 31:33 | Scout Tower |
| 31:39 | Devotion Aura |
| Right click | 2400 |
| Select group | 1859 |
| Select | 373 |
| Build/train/purchase | 250 |
| Chat | 213 |
| Use ability | 194 |
| Misc. action | 119 |
| Minimap ping | 35 |
| Item give/drop | 21 |
| Assign group | 9 |
| Esc | 4 |


| Orb of Venom | 2 | 650 |
| Moonstone | 1 | 50 |
| Boots of Speed | 2 | 500 |
| Staff of Teleportation | 2 | 300 |
| Staff of Sanctuary | 1 | 250 |
| total: | 8 | 1750g |
| Wisp | 34 | 2040 | / | 0 |
| total: | 34 | 2040g | / | 0w |
| Altar of Elders | 3 | 540 | / | 150 |
| Moon Well | 23 | 4140 | / | 920 |
| Tree of Life | 1 | 340 | / | 185 |
| Ancient of Wonders | 1 | 90 | / | 30 |
| Hunter's Hall | 1 | 210 | / | 100 |
| Tree of Ages | 1 | 320 | / | 180 |
| Tree of Eternity | 1 | 330 | / | 200 |
| total: | 29 | 5320g | / | 1385w |
| 0:03 | Wisp |
| 0:03 | Wisp |
| 0:05 | Altar of Elders |
| 0:18 | Moon Well |
| 0:29 | Wisp |
| 0:39 | Wisp |
| 1:00 | Moon Well |
| 1:11 | Wisp |
| 1:18 | Wisp |
| 1:30 | Wisp |
| 1:41 | Wisp |
| 1:55 | Wisp |
| 2:11 | Wisp |
| 2:24 | Shadow Strike |
| 2:28 | Wisp |
| 2:36 | Wisp |
| 2:36 | Wisp |
| 2:51 | Wisp |
| 2:51 | Wisp |
| 3:21 | Wisp |
| 4:06 | Wisp |
| 4:06 | Wisp |
| 4:45 | Boots of Speed |
| 4:45 | Staff of Teleportation |
| 4:59 | Tree of Ages |
| 5:34 | Blink |
| 5:44 | Tree of Life |
| 7:26 | Wisp |
| 7:26 | Wisp |
| 7:49 | Shadow Strike |
| 7:53 | Wisp |
| 7:53 | Wisp |
| 7:54 | Wisp |
| 7:54 | Wisp |
| 7:54 | Wisp |
| 8:57 | Moon Well |
| 9:37 | Entangling Roots |
| 10:16 | Moon Well |
| 10:28 | Ancient of Wonders |
| 10:30 | Tree of Eternity |
| 10:32 | Nature's Blessing |
| 10:40 | Moon Well |
| 11:06 | Moon Well |
| 11:18 | Hunter's Hall |
| 11:36 | Wisp |
| 11:36 | Wisp |
| 11:36 | Wisp |
| 11:51 | Wisp |
| 11:51 | Wisp |
| 11:56 | Altar of Elders |
| 11:58 | Altar of Elders |
| 12:09 | Wisp |
| 12:09 | Wisp |
| 12:22 | Moon Well |
| 13:05 | Ultravision |
| 13:05 | Well Spring |
| 13:14 | Orb of Venom |
| 13:18 | Moon Well |
| 13:41 | Wisp |
| 13:41 | Wisp |
| 14:29 | Moon Well |
| 14:42 | Moon Well |
| 14:44 | Moon Well |
| 15:15 | Moon Well |
| 15:16 | Moon Well |
| 15:28 | Orb of Venom |
| 16:19 | Blink |
| 16:24 | Thorns Aura |
| 17:20 | Moon Well |
| 17:29 | Moonstone |
| 18:39 | Staff of Sanctuary |
| 18:59 | Boots of Speed |
| 18:59 | Staff of Teleportation |
| 19:25 | Moon Well |
| 23:34 | Entangling Roots |
| 28:10 | Moon Well |
| 28:11 | Moon Well |
| 28:12 | Moon Well |
| 28:13 | Moon Well |
| 28:19 | Moon Well |
| 28:20 | Moon Well |
| 28:22 | Moon Well |
| 28:24 | Moon Well |
| 28:35 | Shadow Strike |
| 31:06 | Thorns Aura |
| Right click | 3024 |
| Select | 609 |
| Select group | 573 |
| Resource trade | 276 |
| Misc. action | 241 |
| Use ability | 136 |
| Chat | 114 |
| Build/train/purchase | 66 |
| Item give/drop | 5 |
| Assign group | 2 |
| Esc | 2 |
| Minimap ping | 2 |